 Dungeon Crawl Stone Soup version 0.22-a0-897-g1b7a381375 (webtiles) character file.

13 Varmer the Stinger (level 2, 13/13 HPs)
             Began as a Spriggan Venom Mage on July 31, 2018.
             Quit the game on level 1 of the Dungeon on Aug 1, 2018.
             The game lasted 00:06:15 (436 turns).

Varmer the Stinger (Spriggan Venom Mage)             Turns: 436, Time: 00:06:16

Health: 13/13      AC:  2    Str:  4    XL:     2   Next: 24%
Magic:  6/6        EV: 18    Int: 16    God:
Gold:   3          SH:  0    Dex: 16    Spells: 3/6 levels left

rFire    . . .     SeeInvis +   g - +0 short sword
rCold    . . .     Gourm    .   (shield restricted)
rNeg     . . .     Faith    .   a - +0 robe
rPois    .         Spirit   .   (helmet restricted)
rElec    .         Reflect  .   (no cloak)
rCorr    .         Harm     .   (gloves unavailable)
MR       .....                  (boots unavailable)
Stlth    ++........             (no amulet)
HPRegen  0.04/turn              (no ring)
MPRegen  0.10/turn              (no ring)

@: very quick
A: very small, unfitting armour, see invisible, herbivore, speed 3, slow
metabolism 2
a: no special abilities


You were on level 1 of the Dungeon.
You were not hungry.

You visited 1 branch of the dungeon, and saw 1 of its levels.

You collected 3 gold pieces.

Inventory:

Hand Weapons
 g - a +0 short sword (weapon)
Missiles
 e - 13 sling bullets
Armour
 a - a +0 robe (worn)
 b - a +0 pair of boots
Scrolls
 d - a scroll of identify {unknown}
 f - 2 scrolls of amnesia {unknown}
Comestibles
 c - a ration


   Skills:
 + Level 3.1 Dodging
 + Level 3.1 Stealth
 + Level 2.9 Spellcasting
 + Level 0.7 Conjurations
 + Level 3.4 Poison Magic


You had 3 spell levels left.
You knew the following spells:

 Your Spells              Type           Power        Failure   Level  Hunger
a - Sting                 Conj/Pois      #...         8%          1    #......
b - Poisonous Vapours     Pois/Air       #.....       14%         2    ##.....

Your spell library contained the following spells:

 Spells                   Type           Power        Failure   Level  Hunger
 Mephitic Cloud           Conj/Pois/Air  #.......     32%         3    ###....
 Venom Bolt               Conj/Pois      #.........   91%         5    ######.
 Olgreb's Toxic Radiance  Pois           ##......     43%         4    #####..


Dungeon Overview and Level Annotations

Branches:
Dungeon (1/15)

Altars:


Innate Abilities, Weirdness & Mutations

You are very small and have problems with some larger weapons.
You are too small for most types of armour.
You have supernaturally acute eyesight. (SInv)
You are a herbivore.
You cover ground extremely quickly.
You need to consume almost no food.


Message History

Casting: Sting (safe; 9% risk of failure)
Confirm with . or Enter, or press ? or * to list all spells.
Aiming: Sting (safe; 9% risk of failure)
Press: ? - help, Shift-Dir - straight line, f - jackal
Aim: a jackal The sting hits the jackal.
The jackal is poisoned.
The jackal is moderately wounded.
You feel a bit more experienced.
You start resting.
Magic restored.
Memorise Poisonous Vapours, consuming 2 spell levels and leaving 3?
You start memorising the spell.
You continue memorising. x2
You finish memorising.
Spell assigned to 'b'.
You see here a jackal corpse.
Save game and exit?
Welcome back, Varmer the Spriggan Venom Mage.
Press ? for a list of commands and other information.
Quiver which item? (- for none, * to show all) (? for menu, Esc to quit)
Okay, then.
Are you sure you want to abandon this character and quit the game? (Confirm with "yes".)

#....# #.#..###..#
###..# #.#........
######..###.#.####..#
#.. #.............# #
...
#########..###.#.####
##..
......................
...
#########.######.####.
####..
#.######.####... .....
#....@.........# #..
########.###### #..
#.###########..
#.h.h.h........
#############.# ###


There were no monsters in sight!

Vanquished Creatures
  A giant cockroach (D:1)
  A goblin (D:1)
  6 jackals (D:1)
  2 frilled lizards (D:1)
  A kobold (D:1)
11 creatures vanquished.

Notes
Turn   | Place    | Note
-------+----------+-------------------------------------------
     0 | D:1      | Varmer the Spriggan Venom Mage began the quest for the Orb.
     0 | D:1      | Reached XP level 1. HP: 9/9 MP: 5/5
   188 | D:1      | Reached XP level 2. HP: 13/13 MP: 1/6
   433 | D:1      | Learned a level 2 spell: Poisonous Vapours
   436 | D:1      | Quit the game

Vault maps used:
D:1:      moated_graveyard_arrival, minmay_misc_feat_room

Action                   || total
-------------------------++-------
Melee: Short sword       ||     4
 Cast: Sting             ||    24
Armor: Robe              ||     1
Dodge: Dodged            ||     9

Table legend:
 A = Spawn XP
 B = Non-spawn XP
 C = Spawn XP percentage of total XP
 D = Spawn monster count
 E = Non-spawn monster count
 F = Spawn count percentage of total count
 G = Total turns spent on level
                    A         B        C        D         E        F      G
               +---------+---------+-------+---------+---------+-------+---------
         Total |       0 |      19 |   0.0 |       0 |      11 |   0.0 |   436
               +---------+---------+-------+---------+---------+-------+---------
           D:1 |       0 |      19 |   0.0 |       0 |      11 |   0.0 |   436
               +---------+---------+-------+---------+---------+-------+---------
